 Dungeon Crawl Stone Soup version 0.30-a0-576-g89cddaab80 (webtiles) character file.

Game seed: 2286718662863927927

112 wormed the Slasher (level 4, -2/37 HPs)
             Began as a Merfolk Monk on Dec 30, 2022.
             Splashed by a jelly's acid (9 damage)
             ... on level 4 of the Dungeon.
             The game lasted 00:03:36 (1407 turns).

wormed the Slasher (Merfolk Monk)                   Turns: 1407, Time: 00:03:37

Health: -2/37      AC: -2    Str: 11    XL:     4   Next: 95%
Magic:  4/4        EV: 14    Int:  9    God:
Gold:   75         SH:  0    Dex: 18    Spells: 3/3 levels left

rFire   . . .      SeeInvis .    a - +0 falchion
rCold   . . .      Faith    .    (no shield)
rNeg    . . .      Spirit   .    b - +0 robe
rPois   .          Reflect  .    (no helmet)
rElec   .          Harm     .    (no cloak)
rCorr   .          Rampage  .    (no gloves)
Will    .....                    (no boots)
Stlth   +++                      (no amulet)
HPRegen 0.26/turn                (no ring)
MPRegen 0.09/turn                (no ring)

@: corroded
A: (nimble swimmer 2), mertail
a: no special abilities


You were on level 4 of the Dungeon.
You visited 1 branch of the dungeon, and saw 3 of its levels.

You collected 75 gold pieces.

Inventory:

Hand Weapons
 a - a +0 falchion (weapon)
Armour
 b - a +0 robe (worn)
Scrolls
 e - 6 scrolls of identify {unknown}
 f - a scroll of silence {unknown}
 g - a scroll of enchant armour {unknown}
 h - 2 scrolls of immolation {unknown}
 j - a scroll of poison {unknown}
 k - a scroll of blinking {unknown}
 l - a scroll of amnesia {unknown}
Potions
 c - a potion of ambrosia
 d - 2 potions of curing {unknown}
 i - a potion of haste {unknown}


   Skills:
 + Level 3.9 Fighting
 * Level 5.0 Long Blades
 + Level 4.8 Dodging
 + Level 3.2 Stealth


You had 3 spell levels left.
You didn't know any spells.
Your spell library was empty.

Dungeon Overview and Level Annotations

Branches:
Dungeon (2/15)

Altars:

Shops:
D:1 [


Innate Abilities, Weirdness & Mutations

((You are very nimble when in or above water. (Stealth+, EV+, Speed+++)))
Your lower body shifts to a powerful aquatic tail in water.


Message History

You hit the worm.
You kill the worm!
The jelly completely misses you.
You hit the jelly but do no damage.
Your hands burn!
The jelly misses you.
You hit the jelly.
Your hands burn!
The jelly is lightly wounded.
The jelly closely misses you.
You hit the jelly.
Your hands burn!
You punch the jelly.
The jelly is moderately wounded.
The jelly barely misses you.
You slash the jelly!
Your hands burn!
You punch the jelly.
The jelly is almost dead.
The jelly closely misses you.
You slash the jelly!
You kill the jelly!
Your Long Blades skill increases to level 5!
HP restored.
You now have 75 gold pieces (gained 18).
A jelly comes into view.
A jelly is nearby!
The jelly quivers.
The jelly misses you.
You completely miss the jelly. The jelly barely misses you.
You hit the jelly but do no damage.
Your hands burn!
The jelly barely misses you.
You barely miss the jelly. The jelly barely misses you.
You hit the jelly.
Your hands burn!
The jelly is lightly wounded.
The jelly barely misses you.
You slash the jelly!
Your hands burn!
The jelly is heavily wounded.
The jelly hits you. The acid corrodes you!
You are splashed with acid!
You are too injured to fight recklessly!
You hit the jelly.
Your hands burn!
* * * LOW HITPOINT WARNING * * *
The jelly is severely wounded.
The jelly closely misses you. The jelly hits you.
* * * LOW HITPOINT WARNING * * *
You are splashed with acid!
You die...

.# #..........#
..# #..........##
.# #..#
#..........# .#
#..# #.........#
..
#..##.........#
.#
#..###.......##.#
#...##.....##..#
#.......#####..#
#..####.....@J#
#..# ####..###
#..# #...# ##.#
#...# #.# #..##
#.# #..# #.#
#..## #.# #...##
#.# ##....##


You could see a jelly.

Vanquished Creatures
  A jelly (D:4)
  5 adders (D:2)
  A worm (D:4)
  A dart slug (D:1)
  2 bats
  5 endoplasms
  A giant cockroach (D:2)
  2 goblins
  4 hobgoblins
  A quokka (D:1)
  4 ball pythons (D:1)
  A frilled lizard (D:2)
  3 kobolds (D:1)
  A rat (D:1)
32 creatures vanquished.

Notes
Turn   | Place    | Note
-------+----------+-------------------------------------------
     0 | D:1      | wormed the Merfolk Monk began the quest for the Orb.
     0 | D:1      | Reached XP level 1. HP: 18/18 MP: 1/1
    87 | D:1      | Reached XP level 2. HP: 10/24 MP: 2/2
   218 | D:1      | Reached skill level 4 in Long Blades
   355 | D:1      | Found Xeritoi's Antique Armour Emporium.
   665 | D:2      | Reached XP level 3. HP: 29/29 MP: 3/3
   762 | D:2      | Found a faded altar of an unknown god.
   855 | D:2      | Reached XP level 4. HP: 23/37 MP: 4/4
  1304 | D:2      | You fall into a shaft and drop 2 floors!
  1357 | D:4      | Reached skill level 5 in Long Blades
  1407 | D:4      | Splashed by a jelly's acid

Illustrated notes

Levels and vault maps discovered:
D:1:      zaba_arrival_water, layout_rooms, serial_shops,
          nicolae_shop_hallway_plus, minivault_26
D:2:      layout_loops_ring, hellmonk_ecumenical_altar_slurped_away
D:4:      layout_cave_pods, lemuel_mausoleum_altar_yredelemnul,
          nicolae_uskayaw_murder_on_the_dancefloor, minmay_between

Skill      XL: |  1  2  3  4 |
---------------+-------------+-----
Long Blades    | 4 5 |  5.0
Stealth        | 3 |  3.2
Fighting       | |  3.9
Dodging        | |  4.8

Action                   |  1- 3 |  4- 6 || total
-------------------------+-------+-------++-------
Melee: Falchion          |    84 |    25 ||   109
       Punch             |     1 |     2 ||     3
 Stab: Sleeping          |     5 |     1 ||     6
Armor: Robe              |    11 |     1 ||    12
Dodge: Dodged            |    56 |    20 ||    76

Table legend: (Time is in decaauts)
 A = Elapsed time spent in this place.
 B = Non-inter-level travel time spent in this place.
 C = Inter-level travel time spent in this place.
 D = Time resting spent in this place.
 E = Time spent auto-exploring this place.
 F = Levels seen in this place.
 G = Mean time per level.
                   A        B        C        D        E       F      G
               +--------+--------+--------+--------+--------+-----+--------+
         Total |   1407 |   1379 |     28 |      0 |   1091 |   3 |  469.0 |
       Dungeon |   1407 |   1379 |     28 |      0 |   1091 |   3 |  469.0 |
               +--------+--------+--------+--------+--------+-----+--------+

Top non-repeatable levels by time:
     D:2: 662 daAuts
     D:1: 641 daAuts
     D:4: 103 daAuts
